 Dungeon Crawl Stone Soup version 0.18.1-50-g88ac8fd (webtiles) character file.

77 Gargoyl the Skirmisher (level 4, 36/36 HPs)
             Began as a Demonspawn Abyssal Knight on Oct 26, 2016.
             Was a Follower of Lugonu.
             Quit the game on level 2 of the Dungeon.
             The game lasted 00:02:34 (1734 turns).

Gargoyl the Skirmisher (Demonspawn Abyssal Knight)  Turns: 1734, Time: 00:02:34

Health: 36/36      AC:  8    Str: 13    XL:     4   Next: 13%
Magic:  6/6        EV:  6    Int: 14    God:    Lugonu [*.....]
Gold:   114        SH:  0    Dex: 12    Spells: 0 memorised, 3 levels left

rFire  . . .     SeeInvis .     d - +2 spear (venom)
rCold  . . .     Gourm    .     e - +0 chain mail
rNeg   . . .     Faith    .     (no shield)
rPois  .         Spirit   .     (no helmet)
rElec  .         Dismiss  .     (no cloak)
rCorr  .         Reflect  .     (gloves unavailable)
SustAt .         Harm     .     (no boots)
MR     .....                    (no amulet)
Stlth  ..........               (no ring)
                                (no ring)

@: not resistant to hostile enchantments, extremely unstealthy
A: claws 3
a: Depart the Abyss, Renounce Religion


You were on level 2 of the Dungeon.
You worshipped Lugonu.
Lugonu was aware of your devotion.
You were not hungry.

You visited 1 branch of the dungeon, and saw 2 of its levels.
You visited the Abyss 1 time.

You collected 114 gold pieces.

Inventory:

Hand Weapons
 a - a +1 hand axe
 d - a +2 spear of venom (weapon)
Armour
 e - a +0 chain mail (worn)
Scrolls
 b - a scroll of identify {unknown}
 f - 2 scrolls of recharging {unknown}
 g - 2 scrolls of magic mapping {unknown}
 h - a scroll of remove curse {unknown}
 i - a scroll of enchant armour {unknown}
Potions
 j - a potion of heal wounds {unknown}
Comestibles
 c - 3 bread rations


   Skills:
 + Level 3.6 Fighting
 + Level 2.0 Axes
 + Level 0.3(1.2) Polearms
 * Level 1.3 Throwing
 + Level 2.4 Armour
 + Level 0.8 Dodging
 * Level 3.1 Invocations


You had 3 spell levels left.
You didn't know any spells.

Dungeon Overview and Level Annotations

Branches:
Dungeon (2/15)

Altars:


Innate Abilities, Weirdness & Mutations

You have claws for hands.


Message History

There is a large open door here.
You see here a rat corpse.
Found a leather armour.
g - 2 scrolls labeled DEMIQA HEMUAST (gained 1)
There is a large open door here.
You see here a rat corpse.
There is a large open door here.
As you open the door, it creaks loudly!
You open the door.
There is an open door here.
A bat comes into view.
The bat barely misses you.
You closely miss the bat. The bat hits you but does no damage. x3
You closely miss the bat. The bat hits you but does no damage.
The bat completely misses you. The bat hits you but does no damage.
The bat closely misses you.
You hit the bat.
You kill the bat!
Lugonu accepts your kill.
Are you sure you want to abandon this character and quit the game? (Confirm with "yes".)

..# ##...(# .. #......
.. #...8.. ##. #..8.8.
... #####.8._.8 #.#
#......8.8. #.#
####'#+#...8..
#.###.............
#@..'........#####
#########.............
#.....###.##'#+#######
####..>......##†#[#
#.......######....#
#.......# #...##
#.......# #...# #####
#...(...# ##### #....
####'#### ####.###


There were no monsters in sight!

Vanquished Creatures
  3 adders (D:2)
  An ooze (D:2)
  A worm (D:2)
  2 dart slugs (D:1)
  2 giant geckos
  2 giant cockroaches (D:1)
  A goblin (D:1)
  5 hobgoblins
  5 jackals
  4 kobolds
  3 bats
  4 giant newts
  4 rats
37 creatures vanquished.

Notes
Turn   | Place    | Note
--------------------------------------------------------------
     0 | Abyss:1  | Gargoyl the Demonspawn Abyssal Knight began the quest for the Orb.
     0 | Abyss:1  | Reached XP level 1. HP: 18/18 MP: 2/2
    30 | Abyss:2  | Noticed a starcursed mass
    32 | D:1      | Escaped the Abyss
   210 | D:1      | Gained mutation: You have sharp fingernails. [demonic ancestry]
   210 | D:1      | Reached XP level 2. HP: 24/24 MP: 3/3
   228 | D:1      | Reached * piety under Lugonu
   720 | D:2      | Gained mutation: You have very sharp fingernails. [demonic ancestry]
   720 | D:2      | Reached XP level 3. HP: 14/29 MP: 5/5
  1057 | D:2      | Reached skill level 1 in Throwing
  1383 | D:2      | Found a faded altar to an unknown god.
  1413 | D:2      | Gained mutation: You have claws for hands. [demonic ancestry]
  1413 | D:2      | Reached XP level 4. HP: 23/36 MP: 6/6
  1734 | D:2      | Quit the game

Skill      XL: |  1  2  3 |
---------------+----------+-----
Armour         | 2 |  2.4
Throwing       | 1 |  1.3
Invocations    | 3 |  3.1
Axes           | 2 |  2.0
Fighting       | |  3.6
Polearms       | |  0.3
Dodging        | |  0.8

Action                   |  1- 3 |  4- 6 || total
-------------------------+-------+-------++-------
Melee: Spear             |   108 |     9 ||   117
Invok: Depart the Abyss  |     1 |       ||     1
  Eat: Chunk             |     2 |     1 ||     3
Armor: Chain mail        |    59 |    10 ||    69
Dodge: Dodged            |    33 |     4 ||    37
